 Dungeon Crawl Stone Soup version 0.32-a0-768-g0f6f1dd4b9 (webtiles) character file.

Game seed: 12423483999315869252

16 mandarbmax the Chopper (level 2, 24/24 HPs)
             Began as a Coglin Cinder Acolyte on Mar 19, 2024.
             Was a High Priest of Ignis.
             Got out of the dungeon alive.
             The game lasted 00:01:11 (675 turns).

mandarbmax the Chopper (Coglin Cinder Acolyte)       Turns: 675, Time: 00:01:12

Health: 24/24      AC:  2    Str: 14    XL:     2   Next: 54%
Magic:  3/3        EV: 10    Int: 13    God:    Ignis [*****.]
Gold:   31         SH:  0    Dex:  9    Spells: 3/3 levels left

rFire   + . .        a - -1 hand axe (flame) {Qiuyue}
rCold   . . .        c - +0 dagger {Iseul}
rNeg    . . .        b - +0 robe
rPois   .            (no helmet)
rElec   .            (no cloak)
rCorr   .            (no gloves)
SInv    .            (no boots)
Will    .....        (amulet unavailable)
Stlth   +            (ring unavailable)
HPRegen 0.24/turn    (ring unavailable)
MPRegen 0.08/turn    (no gizmo)

%: no passive effects
@: no status effects
A: off-hand wielding, slow wielding, warmup strikes, no jewellery
a: Invent Gizmo, Renounce Religion, Fiery Armour, Foxfire Swarm, Rising Flame


You escaped.
You worshipped Ignis.
Ignis was extremely pleased with you.
You visited 1 branch of the dungeon, and saw 1 of its levels.

You collected 31 gold pieces.

Inventory:

Hand Weapons
 a - a -1 hand axe of flaming (weapon) {Qiuyue}
 c - a +0 dagger (offhand) {Iseul}
Armour
 b - a +0 robe (worn)
Scrolls
 d - a scroll of fear {unknown}
Potions
 e - a potion of mutation {unknown}
 f - a potion of cancellation {unknown}
 g - 2 potions of ambrosia {unknown}
 h - a potion of lignification {unknown}


   Skills:
 - Level 3.0 Fighting
 + Level 3.8 Axes
 - Level 1.0 Spellcasting
 - Level 2.6 Fire Magic


You had 3 spell levels left.
You didn't know any spells.
Your spell library contained the following spells:

 Spells                   Type           Power      Damage    Failure   Level
 Scorch                   Fire           14%        2d5       14%         2


Dungeon Overview and Level Annotations

Branches:
Dungeon (1/15)

Altars:


Innate Abilities, Weirdness & Mutations

You can wield a second weapon in your off-hand.
It takes a long time for you to wield or remove held weapons.
Your first few attacks do less damage.
You cannot equip rings or amulets.


Message History

You closely miss the quokka with your -1 hand axe of flaming.
You hit the quokka with your +0 dagger. The quokka barely misses you.
You hit the quokka but do no damage.
The quokka is moderately wounded.
You hit the quokka with your -1 hand axe of flaming.
You burn the quokka. The quokka closely misses you.
The quokka barely misses you.
You hit the quokka but do no damage.
The quokka is severely wounded.
You hit the quokka but do no damage. The quokka closely misses you.
You hit the quokka but do no damage.
The quokka is severely wounded.
You closely miss the quokka with your +0 dagger.
The quokka closely misses you.
You hit the quokka with your -1 hand axe of flaming.
You burn the quokka.
You kill the quokka!
No target in view!
No target in view!
No target in view!
No target in view!
No target in view!
No target in view!
No target in view!
No target in view!
No target in view!
No target in view!
g - 2 emerald potions (gained 1)
Found a stone staircase leading down.
Found a stone staircase leading down.
You open the door.
There is an open door here.
There is a fountain of clear blue water here.
You enter the shallow water.
Moving in this stuff is going to be slow.
There is a staircase leading out of the dungeon here.
Alright, then stay!
Okay, then.
Unknown command.
You have escaped!

#....##..#.#.....................
.................................
..##.#...###############.........
#.##.#...#≈≈≈≈≈≈≈≈≈≈≈≈≈#.........
#.##.#...#≈≈≈≈≈≈≈≈≈≈≈≈≈#.........
.........#≈≈≈~~~~~~≈≈≈≈#...##..##
#.##.#...#≈≈≈~~~~~~~≈≈≈#
#.##.#...#≈≈~~~...~~≈≈≈#
#.##.#...#≈≈~~..@..~~≈≈#
#.##.#...#≈≈~~~...~~~≈≈#
#.##.#...#≈≈≈≈~~~~~≈≈≈≈#
#.##.#...#≈≈≈≈~~~~~≈≈≈≈#
#.##.#...#≈≈≈~~~~~~≈≈≈≈#
#.##.#...#≈≈≈≈~~~≈~≈≈≈≈#
#.##.#.#.#≈≈≈~~≈~≈~≈≈≈≈#
#........#≈≈≈~~≈~≈~~≈≈≈#
####.....#≈≈≈~~~~≈≈~~≈≈#.#### .


There were no monsters in sight!

Vanquished Creatures
  A giant cockroach (D:1)
  A hobgoblin (D:1)
  2 kobolds (D:1)
  2 quokkas (D:1)
  A ball python (D:1)
  3 bats (D:1)
  A goblin (D:1)
  5 rats (D:1)
16 creatures vanquished.

Notes
Turn   | Place    | Note
-------+----------+-------------------------------------------
     0 | D:1      | mandarbmax the Coglin Cinder Acolyte began the quest for
                  | the Orb.
     0 | D:1      | Reached XP level 1. HP: 18/18 MP: 2/2
   130 | D:1      | Reached XP level 2. HP: 24/24 MP: 3/3
   370 | D:1      | Found a faded altar of an unknown god.
   675 | D:$      | Got out of the dungeon alive.

Illustrated notes

Levels and vault maps discovered:
D:1:      zaba_arrival_water, layout_basic, dreamdust_ecumenical_altar_grove,
          nrook_campfire

Action                     || total
---------------------------++-------
  Melee: Hand axe          ||    35
         Dagger            ||    29
 Armour: Robe              ||    24
  Dodge: Dodged            ||    17

Table legend: (Time is in decaauts)
 A = Elapsed time spent in this place.
 B = Non-inter-level travel time spent in this place.
 C = Inter-level travel time spent in this place.
 D = Time resting spent in this place.
 E = Time spent auto-exploring this place.
 F = Levels seen in this place.
 G = Mean time per level.
                   A        B        C        D        E       F      G
               +--------+--------+--------+--------+--------+-----+--------+
         Total |    690 |    599 |     91 |     32 |    464 |   1 |  690.0 |
       Dungeon |    690 |    599 |     91 |     32 |    464 |   1 |  690.0 |
               +--------+--------+--------+--------+--------+-----+--------+

Top non-repeatable levels by time:
     D:1: 690 daAuts
